 Dungeon Crawl Stone Soup version 0.28-a0-247-gb8bfbab023 (webtiles) character file.

Game seed: 14369631455567504769

114 speeev33 the Skirmisher (level 4, 0/41 HPs)
             Began as a Hill Orc Fighter on Aug 25, 2021.
             Slain by a centaur (3 damage)
             ... on level 3 of the Dungeon.
             The game lasted 00:07:56 (2743 turns).

speeev33 the Skirmisher (Hill Orc Fighter)          Turns: 2743, Time: 00:07:57

Health: 0/41       AC: 11    Str: 19    XL:     4   Next: 97%
Magic:  4/4        EV:  3    Int:  8    God:
Gold:   54         SH:  9    Dex: 16    Spells: 3/3 levels left

rFire   . . .      SeeInvis .   a - +0 war axe
rCold   . . .      Faith    .   c - +0 kite shield
rNeg    . . .      Spirit   .   e - +0 plate armour
rPois   .          Reflect  .   (no helmet)
rElec   .          Harm     .   (no cloak)
rCorr   .          Rampage  .   (no gloves)
Will    .....                   (no boots)
Stlth   ..........              (no amulet)
HPRegen 0.13/turn               g - +6 ring of dexterity
MPRegen 0.09/turn               (no ring)

@: mighty
A: no striking features
a: no special abilities


You were on level 3 of the Dungeon.
You visited 1 branch of the dungeon, and saw 3 of its levels.

You collected 54 gold pieces.

Inventory:

Hand Weapons
 a - a +0 war axe (weapon)
Armour
 c - a +0 kite shield (worn)
 e - a +0 plate armour (worn)
Jewellery
 g - a +6 ring of dexterity (left hand)
Scrolls
 b - a scroll of blinking {unknown}
 f - 3 scrolls of identify {unknown}
 h - a scroll of immolation {unknown}
 j - a scroll of fear {unknown}
 k - a scroll of enchant armour {unknown}
 l - 2 scrolls of teleportation {unknown}
 o - a scroll of fog {unknown}
Potions
 i - 2 potions of brilliance {unknown}
 m - a potion of attraction {unknown}
 n - a potion of haste {unknown}
 p - 2 potions of mutation {unknown}
 q - a potion of heal wounds {unknown}


   Skills:
 + Level 4.8 Fighting
 + Level 4.3 Axes
 + Level 4.3 Armour
 - Level 3.2 Shields


You had 3 spell levels left.
You didn't know any spells.
Your spell library contained the following spells:

 Spells                   Type           Power      Damage    Failure   Level
 Shock                    Conj/Air       0%         1d3       100%        1
 Swiftness                Air            0%         N/A       100%        3
 Airstrike                Air            0%         N/A       100%        4


Dungeon Overview and Level Annotations

Branches:
Dungeon (3/15)

Altars:

Shops:
D:1 (


Message History

There is an open door, spattered with blood here.
The centaur shoots an arrow.
The arrow hits you!
The centaur unwields a +0 shortbow.
The centaur hits you but does no damage.
You block the centaur's attack.
You hit the centaur.
The centaur is lightly wounded.
The centaur barely misses you. You block the centaur's attack.
The centaur hits you but does no damage.
The centaur kicks you.
The centaur hits you but does no damage.
The centaur kicks you but does no damage.
You hit the centaur.
The centaur is heavily wounded.
You block the centaur's attack. The centaur kicks you.
* * * LOW HITPOINT WARNING * * *
The centaur hits you.
* * * LOW HITPOINT WARNING * * *
The centaur kicks you but does no damage.
You barely miss the centaur.
The centaur is heavily wounded.
The centaur hits you but does no damage.
The centaur kicks you.
* * * LOW HITPOINT WARNING * * *
The centaur hits you.
* * * LOW HITPOINT WARNING * * *
The centaur kicks you but does no damage.
You feel very mighty all of a sudden. The centaur hits you.
* * * LOW HITPOINT WARNING * * *
The centaur kicks you.
* * * LOW HITPOINT WARNING * * *
You block the centaur's attack.
The centaur kicks you but does no damage.
You hit the centaur.
The centaur is severely wounded.
The centaur barely misses you.
The centaur kicks you but does no damage.
The centaur hits you.
You die...

########## #.#
#........# #.#
#>.......#
##.#######........#
..................#
................c.####.#
................@.'....#
....))............######
..................'.>#
.....#####........##.#
.....'............##.#
.....####.##########.#
.........<# #.#
..........# #.#
..........# #.#


You could see a centaur.

Vanquished Creatures
  An orc wizard (D:3)
  2 adders (D:2)
  6 orcs
  8 ball pythons
  2 endoplasms (D:2)
  A giant cockroach (D:3)
  8 goblins
  3 hobgoblins
  11 jackals
  A quokka (D:2)
  6 bats
  A frilled lizard (D:1)
  4 kobolds
  5 rats
59 creatures vanquished.

Vanquished Creatures (others)
  An orc (D:3)
1 creature vanquished.

Grand Total: 60 creatures vanquished

Notes
Turn   | Place    | Note
-------+----------+-------------------------------------------
     0 | D:1      | speeev33 the Hill Orc Fighter began the quest for the Orb.
     0 | D:1      | Reached XP level 1. HP: 19/19 MP: 1/1
    90 | D:1      | Found a faded altar of an unknown god.
   126 | D:1      | Reached XP level 2. HP: 21/27 MP: 2/2
   130 | D:1      | Found Xocvy's Antique Weapon Shoppe.
  1107 | D:2      | Reached XP level 3. HP: 33/33 MP: 3/3
  1691 | D:3      | Reached XP level 4. HP: 34/41 MP: 4/4
  2072 | D:3      | Noticed a centaur
  2743 | D:3      | Slain by a centaur

Illustrated notes

Levels and vault maps discovered:
D:1:      minmay_arrival_checkered_box, layout_basic, serial_shops,
          nicolae_shop_waterfront, shapermc_ecumenical_altar_pompeii
D:2:      layout_rooms
D:3:      corexii_shack_village, layout_basic,
          amcnicky_mini_rare_corridor_liquid

Skill      XL: |  1  2  3  4 |
---------------+-------------+-----
Axes           | 3 4 |  4.3
Fighting       | 4 |  4.8
Armour         | 4 |  4.3
Shields        | |  3.2

Action                   |  1- 3 |  4- 6 || total
-------------------------+-------+-------++-------
Melee: War axe           |   100 |    70 ||   170
  Use: Potion            |       |     1 ||     1
Armor: Plate armour      |    92 |    62 ||   154
Dodge: Dodged            |    18 |    10 ||    28
Block: Kite shield       |    72 |    45 ||   117

Table legend: (Time is in decaauts)
 A = Elapsed time spent in this place.
 B = Non-inter-level travel time spent in this place.
 C = Inter-level travel time spent in this place.
 D = Time resting spent in this place.
 E = Time spent auto-exploring this place.
 F = Levels seen in this place.
 G = Mean time per level.
                   A        B        C        D        E       F      G
               +--------+--------+--------+--------+--------+-----+--------+
         Total |   2850 |   2760 |     90 |    824 |   1065 |   3 |  950.0 |
       Dungeon |   2850 |   2760 |     90 |    824 |   1065 |   3 |  950.0 |
               +--------+--------+--------+--------+--------+-----+--------+

Top non-repeatable levels by time:
     D:1: 1041 daAuts
     D:2: 1026 daAuts
     D:3: 782 daAuts
